 Dungeon Crawl Stone Soup version 0.31-a0-188-g5e087ee2ca (webtiles) character file.

Game seed: 13412153091145540772

21 qw the Shooter (level 2, -2/16 HPs)
             Began as a Deep Elf Hunter on June 23, 2023.
             Slain by Terence
             ... wielding a +0 flail
              (4 damage)
             ... on level 1 of the Dungeon.
             The game lasted 00:00:13 (606 turns).

qw the Shooter (Deep Elf Hunter)                     Turns: 606, Time: 00:00:14

Health: -2/16      AC:  5    Str:  8    XL:     2   Next: 65%
Magic:  4/4        EV: 10    Int: 13    God:
Gold:   15         SH:  0    Dex: 18    Spells: 1/1 levels left

rFire   . . .        Y - +0 shortbow
rCold   . . .        (shield currently unavailable)
rNeg    + . .        f - +0 ring mail
rPois   .            (no helmet)
rElec   .            (no cloak)
rCorr   .            (no gloves)
SInv    .            (no boots)
Will    .....        (no amulet)
Stlth   +            g - ring of positive energy
HPRegen 0.22/turn    (no ring)
MPRegen 0.09/turn

%: no passive effects
@: about to teleport
A: no striking features
a: no special abilities


You were on level 1 of the Dungeon.
You visited 1 branch of the dungeon, and saw 2 of its levels.

You collected 15 gold pieces.


   Skills:
 - Level 1.5 Fighting
 + Level 6.4 Ranged Weapons
 - Level 2.4 Dodging
 - Level 1.2 Stealth


You had one spell level left.
You didn't know any spells.
Your spell library was empty.

Inventory:

Hand Weapons
 Y - a +0 shortbow (weapon)
Armour
 f - a +0 ring mail (worn)
Jewellery
 g - a ring of positive energy (left hand)
Potions
 i - a potion of haste {unknown}
 j - a potion of attraction {unknown}

Dungeon Overview and Level Annotations

Branches:
Dungeon (2/15)

Altars:

Shops:
D:1 (*

Annotations:
D:1 Terence


Message History

The air around you briefly surges with heat, but it dissipates.
It was a scroll of immolation.
Done exploring.
590 ||| DROPPING scroll of butterflies.
You drop a scroll of butterflies.
Done exploring.
(D) Dungeon
Where to? (* - list waypoints, ? - help)
What level of the Dungeon? (default 1, ? - help)
There is a stone staircase leading down here.
You climb downwards.
Found a curved glass wand and a Necronomicon.
There is a stone staircase leading up here.
Terence is nearby!
Waypoint 1 assigned to D:2.
You shoot an arrow.
The arrow hits Terence but does no damage.
Terence shouts!
You shoot an arrow.
The arrow hits Terence but does no damage.
Terence says, "How do you enjoy it?"
You shoot an arrow.
The arrow hits Terence but does no damage.
A worm comes into view.
You shoot an arrow.
The arrow hits Terence but does no damage.
Terence hits you but does no damage.
You shoot an arrow. The arrow closely misses Terence.
A giant cockroach comes into view.
Terence hits you with a +0 flail.
603 ||| STAIRDANCE Terence hits you with a +0 flail!
Ouch! That really hurt!
You climb upwards.
There is a stone staircase leading down here.
605 ||| READING scroll of teleportation.
As you read the scroll of teleportation, it crumbles to dust.
You feel strangely unstable. Terence completely misses you.
You shoot an arrow. The arrow closely misses Terence.
Terence hits you with a +0 flail.
You die...

########..#######.....#######
#............####...........####
#%###.#............#.######....)
#.# #.#..###.####.?.#######.####
#.# #.#..###.####..########.# #.#
#.#....#.##....########.# #.#
#.#..#.#.##.#..##.......# #.#
#.#......##.#...........# #.#
#........##@##.##.#####.# #.#
###.....###@##.##....##.# ##.#
##.\.......#..##.......# #..#
#...#>###..#..##....##.# #.##
#..##..............#.#.## #.#
#..............###......# # #.#
#...#####..#.#.###..#...###
#.#####...#####..........#.#.....
#.).....................#...#....


You could see Terence.

Vanquished Creatures
  2 dart slugs (D:1)
  4 endoplasms (D:1)
  3 goblins (D:1)
  A quokka (D:1)
  A ball python (D:1)
  2 bats (D:1)
  A frilled lizard (D:1)
  2 kobolds (D:1)
16 creatures vanquished.

Notes
Turn   | Place    | Note
-------+----------+-------------------------------------------
     0 | D:1      | qw the Deep Elf Hunter began the quest for the Orb.
     0 | D:1      | Reached XP level 1. HP: 12/12 MP: 3/3
     0 | D:1      | 0 ||| qw: Version: 0.3-a-9-g12657ce
     0 | D:1      | 0 ||| qw: Game counter: 3583
     0 | D:1      | 0 ||| qw: Always use a shield: true
     0 | D:1      | 0 ||| qw: God list: Okawaru
     0 | D:1      | 0 ||| qw: Allow faded altars: false
     0 | D:1      | 0 ||| qw: Do Orc after D:15 true
     0 | D:1      | 0 ||| qw: Do second Lair branch before Depths: true
     0 | D:1      | 0 ||| qw: Lair rune preference: random
     0 | D:1      | 0 ||| qw: Plans: Normal
     0 | D:1      | 0 ||| PLANNING D:1-11
   102 | D:1      | Reached XP level 2. HP: 16/16 MP: 4/4
   140 | D:1      | Reached skill level 6 in Ranged Weapons
   150 | D:1      | Found Mablec's Assorted Antiques.
   161 | D:1      | 161 ||| SHOPLISTING 2 brown potions (32 gold, have 0).
   161 | D:1      | 161 ||| SHOPLISTING brown potion (16 gold, have 0).
   161 | D:1      | 161 ||| SHOPLISTING fizzy cyan potion (16 gold, have 0).
   161 | D:1      | 161 ||| SHOPLISTING smoky dark potion (16 gold, have 0).
   201 | D:1      | Found Ytefeham's Weapon Shop.
   484 | D:1      | 484 ||| FLEEEEING.
   572 | D:1      | 572 ||| UPGRADING to +0 ring mail.
   582 | D:1      | 582 ||| DROPPING +0 leather armour.
   583 | D:1      | 583 ||| UPGRADING to ring of positive energy.
   584 | D:1      | 584 ||| READING 2 scrolls labelled IXZIUR GITUBRU.
   587 | D:1      | 587 ||| READING scroll labelled IJOM AFIOWEGO.
   588 | D:1      | 588 ||| READING scroll labelled ETIMAA FIERUDD.
   589 | D:1      | 589 ||| READING scroll labelled ALAYPO GYGHIN.
   590 | D:1      | 590 ||| DROPPING scroll of butterflies.
   597 | D:2      | Noticed Terence
   603 | D:2      | 603 ||| STAIRDANCE
   603 | D:2      | HP: 1/16 [Terence/+0 flail (10)]
   605 | D:1      | 605 ||| READING scroll of teleportation.
   606 | D:1      | Slain by Terence

Levels and vault maps discovered:
D:1:      psy_arrival_dodecagon, layout_loops_ring, serial_shops,
          nicolae_shop_advertising_works [nicolae_subvault_shop_adworks], shop,
          chequers_serial_rivers_micro_a
D:2:      layout_rooms, serial_curves, eino_curves_02, eino_curves_03,
          uniq_terence

Skill      XL: |  1  2 |
---------------+-------+-----
Ranged Weapons | 6 |  6.4
Fighting       | |  1.5
Dodging        | |  2.4
Stealth        | |  1.2

Action                     || total
---------------------------++-------
   Fire: Shortbow          ||    34
    Use: Scroll            ||     5
 Armour: Ring mail         ||     1
  Dodge: Dodged            ||     3

Table legend:
 A = Non-vault XP
 B = Vault XP
 C = Vault XP percentage of total XP
 D = Non-vault monster count
 E = Vault monster count
 F = Vault count percentage of total count
                 A         B        C        D         E       F
            +---------+---------+-------+---------+---------+-------
      Total |      31 |       0 |   0.0 |      16 |       0 |   0.0
            +---------+---------+-------+---------+---------+-------
        D:1 |      31 |       0 |   0.0 |      16 |       0 |   0.0
            +---------+---------+-------+---------+---------+-------
